 Dungeon Sprint DCSS version 0.19.1 (webtiles) character file.

466 equalderp2856 the Ripper (level 6, -5/49 HPs)
             Began as a Felid Fighter on Dec 1, 2016.
             Was an Initiate of Gozag.
             Slain by Rupert
             ... wielding a +4 great mace of venom
              (31 damage)
             ... in the Dungeon (Sprint IX: "|||||||||||||||||||||||||||||").
             The game lasted 00:03:52 (1556 turns).

equalderp2856 the Ripper (Felid Fighter)            Turns: 1556, Time: 00:03:52

Health: -5/49      AC:  2    Str: 18    XL:     6   Next: 81%
Magic:  7/7        EV: 30    Int: 17    God:    Gozag
Gold:   1107       SH:  0    Dex: 17    Spells: 0 memorised, 5 levels left
                                        Lives:  0   Deaths: 2

rFire  . . .     SeeInvis +       - Unarmed
rCold  . . .     Gourm    .     (armour unavailable)
rNeg   . . .     Faith    .     (shield unavailable)
rPois  .         Spirit   .     (helmet unavailable)
rElec  .         Reflect  .     (cloak unavailable)
rCorr  .         Harm     .     (gloves unavailable)
MR     .....     NoTele   +     (boots unavailable)
Stlth  ..........               (no amulet)
                                m - +2 ring of evasion
                                n - +3 ring of intelligence

@: brilliant, berserking, very slightly contaminated, hasted, very quick
A: no armour, no weapons or thrown items, stealth, claws 1, fangs 3, see
invisible, carnivore 3, speed 1, shaggy fur 2, slow metabolism 1, sharp paws
a: Potion Petition, Call Merchant, Bribe Branch, Renounce Religion


You were in the Dungeon.
You worshipped Gozag.
Gozag was most pleased with you.
You were not hungry.

You visited 1 branch You collected 1107 gold pieces.

Inventory:

Jewellery
 m - a +2 ring of evasion (right paw)
 n - a +3 ring of intelligence (left paw)
Wands
 l - a wand of iceblast (7/15)
Scrolls
 h - 2 scrolls of blinking
 j - 4 scrolls of remove curse
 k - 2 scrolls of amnesia
 p - 3 scrolls of fog
 q - a scroll of identify
Potions
 a - 2 potions of might
 c - 2 potions of curing
 d - a potion of resistance
 e - 3 potions of haste
 f - 4 potions of magic
 g - a potion of berserk rage
 i - a potion of invisibility
 o - 2 potions of agility
Comestibles
 b - a meat ration


   Skills:
 + Level 7.4 Fighting
 + Level 12.1 Dodging
 + Level 5.5 Stealth
 + Level 15.5 Unarmed Combat


You had 5 spell levels left.
You didn't know any spells.

Dungeon Overview and Level Annotations

Branches:
Dungeon (1/1)

Altars:
Cheibriados
Dithmenos
Elyvilon
Fedhas
Gozag
Hepliaklqana
Kikubaaqudgha
Makhleb
Nemelex Xobeh
Okawaru
Qazlal
Ru
Sif Muna
Trog
Uskayaw
Vehumet
Xom
Yredelemnul
Zin
The Shining One
Beogh
Jiyva
Lugonu

Annotations:
D Gastronok, Rupert


Innate Abilities, Weirdness & Mutations

You cannot wear armour.
You are incapable of wielding weapons or throwing items.
Your paws allow you to move quietly. (Stealth)
You have sharp claws.
You have razor-sharp teeth.
You have supernaturally acute eyesight. (SInv)
You are carnivorous and can eat meat at any time.
You cover ground quickly.
You are covered in thick fur. (AC +2)
You have a slow metabolism.
Your sharp claws are effective at attacking unaware monsters.


Message History

Rupert is moderately wounded.
Rupert barely misses you.
You mangle Rupert!!
Rupert is heavily wounded.
You claw Rupert!
Rupert is heavily wounded.
Rupert completely misses you.
You mangle Rupert!! You claw Rupert.
Rupert is severely wounded.
You scratch Rupert.
Rupert is severely wounded.
Rupert hits you with a great mace of venom!!
You scratch Rupert.
Rupert is severely wounded.
You mangle Rupert!!
Rupert is almost dead.
Rupert hits you with a great mace of venom!!
Ouch! That really hurt!
You die...
Your body crumbles into a pile of gold. ......w$........... ▓▓▓▓▓▓▓▓▓▓▓▓▓▓▓▓▓▓▓ $ $ $ $$$$$ $$$$$$$$$$$$ $$$$$$$ ▓▓▓▓▓▓▓▓▓▓▓▓▓▓▓▓▓▓▓▓▓▓▓▓ .......@@............... ▓▓▓▓▓▓▓▓▓▓▓▓▓▓▓▓▓▓▓▓▓▓▓▓

You could see Rupert (berserk).

Vanquished Creatures
  A komodo dragon (D)
  A tengu conjurer (D)
  3 hippogriffs (D)
  A hungry ghost (D)
  A steam dragon (D)
  A porcupine (D)
  An ice beast (D)
  An eye of draining (D)
  A crocodile (D)
  2 bullfrogs (D)
  A scorpion (D)
  A hound (D)
  An adder (D)
  A bat (D)
  3 bat skeletons (D)
  A bat zombie (D)
  A goblin (D)
  A frilled lizard (D)
  2 kobolds (D)
  A leopard gecko skeleton (D)
26 creatures vanquished.

Vanquished Creatures (others)
  An adder skeleton (D)
  A giant cockroach zombie (D)
2 creatures vanquished.

Grand Total: 28 creatures vanquished

Notes
Turn   | Place    | Note
-------+----------+-------------------------------------------
     0 | D        | equalderp2856 the Felid Fighter began the quest for the Orb.
     0 | D        | Reached XP level 1. HP: 10/10 MP: 2/2
    13 | D        | Reached skill level 5 in Unarmed Combat
    70 | D        | Noticed a hound
    70 | D        | Noticed a scorpion
    83 | D        | Killed a scorpion
    83 | D        | Reached skill level 5 in Dodging
    83 | D        | Reached skill level 6 in Unarmed Combat
    83 | D        | Reached XP level 2. HP: 11/15 MP: 3/3
    83 | D        | Reached XP level 3. HP: 13/18 MP: 4/4
    87 | D        | Reached skill level 7 in Unarmed Combat
    87 | D        | Reached XP level 4. HP: 16/22 MP: 5/5
   177 | D        | Found a roughly hewn altar of Beogh.
   177 | D        | Found a snail-covered altar of Cheibriados.
   177 | D        | Found a shadowy altar of Dithmenos.
   177 | D        | Found a white marble altar of Elyvilon.
   177 | D        | Found a blossoming altar of Fedhas.
   177 | D        | Found an opulent altar of Gozag.
   178 | D        | Found a hazy altar of Hepliaklqana.
   179 | D        | Found a viscous altar of Jiyva.
   180 | D        | Found an ancient bone altar of Kikubaaqudgha.
   181 | D        | Found a corrupted altar of Lugonu.
   182 | D        | Found a burning altar of Makhleb.
   183 | D        | Found a sparkling altar of Nemelex Xobeh.
   184 | D        | Found an iron altar of Okawaru.
   185 | D        | Became a worshipper of Gozag Ym Sagoz the Greedy
   186 | D        | Found a stormy altar of Qazlal.
   187 | D        | Found a sacrificial altar of Ru.
   188 | D        | Found a deep blue altar of Sif Muna.
   189 | D        | Found a bloodstained altar of Trog.
   190 | D        | Found a hide-covered altar of Uskayaw.
   191 | D        | Found a radiant altar of Vehumet.
   192 | D        | Found a shimmering altar of Xom.
   193 | D        | Found a basalt altar of Yredelemnul.
   194 | D        | Found a glowing silver altar of Zin.
   195 | D        | Found a glowing golden altar of the Shining One.
   222 | D        | Noticed an eye of draining
   222 | D        | Noticed a komodo dragon
   222 | D        | Noticed a steam dragon
   243 | D        | Killed a steam dragon
   243 | D        | Reached skill level 5 in Fighting
   243 | D        | Reached skill level 10 in Unarmed Combat
   243 | D        | Reached XP level 5. HP: 14/27 MP: 0/6
   774 | D        | Killed a komodo dragon
   774 | D        | Reached skill level 12 in Unarmed Combat
   774 | D        | Gained mutation: You are covered in thick fur. (AC +2) [Felid growth]
   774 | D        | Reached XP level 6. HP: 31/31 MP: 7/7
   786 | D        | Reached skill level 10 in Dodging
   786 | D        | Reached XP level 7. HP: 35/35 MP: 2/8
   846 | D        | Noticed a hungry ghost
   846 | D        | Noticed a tengu conjurer
   857 | D        | Reached skill level 1 in Stealth
   867 | D        | Reached skill level 13 in Unarmed Combat
   876 | D        | Killed a hungry ghost
   902 | D        | Killed a tengu conjurer
   902 | D        | Reached skill level 14 in Unarmed Combat
   902 | D        | Reached XP level 8. HP: 28/40 MP: 9/9
  1103 | D        | Noticed a hippogriff
  1103 | D        | Noticed a hippogriff
  1103 | D        | Noticed a hippogriff
  1104 | D        | Noticed a rime drake
  1348 | D        | Killed a hippogriff
  1358 | D        | Killed a hippogriff
  1362 | D        | Reached skill level 15 in Unarmed Combat
  1438 | D        | Killed a hippogriff
  1438 | D        | Reached skill level 5 in Stealth
  1457 | D        | Killed from afar by a rime drake
  1458 | D        | Reached XP level 7. HP: -6/36 MP: 8/8
  1488 | D        | Noticed Gastronok
  1499 | D        | Slain by Gastronok
  1500 | D        | Reached XP level 6. HP: 0/33 MP: 7/7
  1510 | D        | Noticed Rupert
  1511 | D        | Paralysed by Rupert for 2 turns
  1522 | D        | Paralysed by Rupert for 7 turns
  1556 | D        | Slain by Rupert

Skill      XL: |  1  2  3  4  5  6  7  8 |
---------------+-------------------------+-----
Unarmed Combat | 6 7 10 12 14 15 | 15.5
Fighting       | 4 5 6 7 |  7.4
Dodging        | 5 6 8 9 10 11 12 | 12.1
Stealth        | 3 5 |  5.5

Action                   |  1- 3 |  4- 6 |  7- 9 || total
-------------------------+-------+-------+-------++-------
Melee: Unarmed           |    23 |    55 |    56 ||   134
       Bite              |     2 |    10 |     3 ||    15
       Punch             |     1 |     3 |     4 ||     8
Invok: Potion Petition   |       |     1 |       ||     1
  Use: Potion            |       |     4 |     2 ||     6
 Stab: Confused          |       |       |     1 ||     1
  Eat: Chunk             |       |     1 |       ||     1
Armor: Skin              |     2 |     3 |     3 ||     8
Dodge: Dodged            |    15 |    49 |    52 ||   116
